AoeStats
← Lucierna111

Arabia

510245066Analyzed
1v1 RM · 2d ago on Sep 30, 2026· 54m 24s· 2 players
Game mode
Random Map
Map size
Tiny (2 player)
Population
200
Speed
Normal
Resources
Standard
Victory
Conquest
Starting age
Dark Age
Ending age
Imperial Age
RankedLock teamsTeams togetherTeam positionsShared explorationLock speedFull tech treeHidden civsTurbo modeCheats
Victory
Defeat
🇦🇷 Huns · Argentina
602
+17
🇲🇽 Huns · Mexico
621
-17
Lucierna111
11:07 Feudal Age
11:47 Double-Bit Axe
14:22 Wheelbarrow
13:43 Gold Mining
15:07 Horse Collar
19:29 Castle Age
18:03 Scale Mail Armor
18:53 Loom
20:36 Squires
21:03 Hand Cart
23:35 Heavy Plow
23:56 Pikeman
27:20 Town Watch
30:43 Bow Saw
31:41 Scale Barding Armor
31:47 Forging
32:18 Fervor
36:06 Marauders
37:46 Murder Holes
38:02 Masonry
39:06 Gold Shaft Mining
39:44 Ballistics
41:02 Chain Barding Armor
41:20 Iron Casting
41:43 Stone Mining
42:37 Fletching
42:47 Padded Archer Armor
43:37 Husbandry
43:50 Bloodlines
43:45 Bodkin Arrow
46:30 Imperial Age
45:55 Sanctity
47:39 Conscription
48:18 Plate Barding Armor
49:05 Blast Furnace
48:19 Town Patrol
48:56 Guilds
48:39 Elite Tarkan
SlySIERRAR117
8:19 Loom
11:08 Feudal Age
12:41 Wheelbarrow
12:14 Double-Bit Axe
16:48 Forging
21:10 Castle Age
22:34 Gold Mining
24:15 Bow Saw
25:37 Horse Collar
26:04 Husbandry
26:15 Bloodlines
26:58 Hand Cart
28:43 Fletching
29:20 Bodkin Arrow
33:39 Iron Casting
33:52 Gold Shaft Mining
38:43 Scale Barding Armor
38:39 Padded Archer Armor
42:45 Imperial Age
41:02 Ballistics
41:22 Murder Holes
42:10 Chain Barding Armor
42:10 Leather Archer Armor
42:17 Stone Mining
43:30 Bracer
45:18 Blast Furnace
46:28 Thumb Ring
46:49 Parthian Tactics
46:39 Cavalier
48:28 Conscription
53:55 Plate Barding Armor
Connection lost

Rejoining the realm…

Still unreachable

The connection could not be restored.

Session expired

The server has moved on; the page needs a fresh start.